 Dungeon Crawl Stone Soup version 0.25.0-26-g0c896c7088 (console) character file.

Game seed: 10005174444074073624

9139 Colgate the Blocker (level 11, -9/66 HPs)
             Began as a Gargoyle Fighter on July 1, 2020.
             Was a High Priest of Okawaru.
             Shot with a bolt by an orc warlord (24 damage)
             ... on level 2 of the Orcish Mines on July 2, 2020.
             The game lasted 03:08:14 (12159 turns).

Colgate the Blocker (Gargoyle Fighter)             Turns: 12159, Time: 03:08:15

Health: -9/66      AC: 24    Str: 24    XL:     11   Next: 41%
Magic:  10/12      EV: 12    Int: 15    God:    Okawaru [*****.]
Gold:   237        SH: 27    Dex: 17    Spells: 10/10 levels left

rFire    . . .     SeeInvis .   J - +4 flail (venom)
rCold    . . .     Gourm    .   r - +1 tower shield
rNeg     + . .     Faith    .   M - +0 chain mail
rPois    ∞         Spirit   .   u - +0 helmet
rElec    +         Reflect  +   (no cloak)
rCorr    .         Harm     .   w - +2 pair of gloves {Str+3}
MR       .....     Clarity  +   (no boots)
Stlth    +.........             p - amulet of reflection
HPRegen  0.21/turn              P - +6 ring of dexterity
MPRegen  0.13/turn              Q - +6 ring of intelligence

@: heroism
A: blink, blurry vision 2, clarity, negative energy resistance 1, electricity
resistance, unbreathing, petrification resistance, rot immunity, AC +8
a: Blink, Heroism, Finesse, Renounce Religion


You were on level 2 of the Orcish Mines.
You worshipped Okawaru.
Okawaru was extremely pleased with you.
You were not hungry.

You visited 2 branches of the dungeon, and saw 11 of its levels.

You collected 727 gold pieces.
You spent 490 gold pieces at shops.

Inventory:

Hand Weapons
 j - a +4 fustibalus of flaming
 z - a +2 flail of holy wrath
 D - a +2 whip of electrocution
 J - a +4 flail of venom (weapon)
Missiles
 i - 304 stones
 t - 105 sling bullets
 O - 4 throwing nets
 U - 3 silver javelins
 Y - 11 atropa-tipped darts (quivered)
Armour
 d - a +0 troll leather armour
 r - a +1 tower shield (worn)
 u - a +0 helmet (worn)
 w - a +2 pair of gloves of strength (worn)
 y - a +2 robe of positive energy
 C - a +0 scale mail of fire resistance
 I - a +0 plate armour
 M - a +0 chain mail (worn)
 N - a +3 leather armour of cold resistance
 S - a +1 robe of magic resistance
Jewellery
 p - an amulet of reflection (around neck)
 H - an uncursed amulet of regeneration
 P - a +6 ring of dexterity (left hand)
 Q - a +6 ring of intelligence (right hand)
Wands
 b - a wand of clouds (2)
 c - a wand of paralysis (18)
 k - a wand of random effects (16)
 q - a wand of polymorph (5)
 E - a wand of acid (9)
 X - a wand of digging (4)
Scrolls
 l - 2 scrolls of immolation
 n - 6 scrolls of amnesia
 o - 3 scrolls of identify
 s - a scroll of magic mapping
 v - 5 scrolls of teleportation
 x - 5 scrolls of remove curse
Potions
 a - a potion of brilliance
 e - a potion of magic
 h - 2 potions of ambrosia
 B - 2 potions of stabbing
 F - 4 potions of berserk rage
 G - 3 potions of flight
 V - a potion of resistance
 W - a potion of haste
Comestibles
 f - 13 rations
 A - 4 chunks of flesh


   Skills:
 + Level 6.7(11.7) Fighting
 + Level 9.4(14.4) Maces & Flails
 + Level 5.6(11.3) Slings
 + Level 4.3(10.7) Throwing
 + Level 5.4(10.4) Armour
 + Level 4.0(9.0) Dodging
 + Level 3.7(8.7) Stealth
 + Level 10.1(15.1) Shields
 + Level 1.5 Invocations
 + Level 0.5 Evocations


You had 10 spell levels left.
You didn't know any spells.
Your spell library was empty.

Dungeon Overview and Level Annotations

Branches:
Dungeon (9/15)             Temple (0/1) D:7             Orc (2/2) D:9
   Lair: D:8-11         Elf: Orc:2

Altars:
Ashenzari
Dithmenos
Gozag
Nemelex Xobeh
Okawaru
Ru
Trog
Vehumet
Wu Jian
Xom
The Shining One

Shops:
D:5 (   D:7 [   D:9 *


Innate Abilities, Weirdness & Mutations

You are resistant to torment.
Your stone body is resilient. (AC +8)
You are immune to poison.
You resist negative energy. (rN+)
You are resistant to electric shocks. (rElec)
You can survive without breathing.
You are immune to petrification.
You are immune to rotting.
You can translocate small distances at will.
Scrolls take you longer to read.
You possess an exceptional clarity of mind.


Message History

Your +3 flail of venom glows red for a moment.
(D) Dungeon (T) Temple (O) Orcish Mines
Where to? (Enter - Orc:2, ? - help)
Okay, then.
There is a stone staircase leading down here.
You gain the combat prowess of a mighty hero.
You climb downwards.
The orc throws a boomerang.
You reflect the boomerang off an invisible shield around you!
The boomerang closely misses the orc.
The weapon returns to the orc!
The orc warlord shoots a bolt.
The bolt hits you!!
* * * LOW HITPOINT WARNING * * *
There is a stone staircase leading up here.
You see here 2 bolts.
The orc warlord shoots a bolt.
You reflect the bolt off an invisible shield around you!
The bolt barely misses the orc warlord.
The orc throws a boomerang.
You reflect the boomerang off an invisible shield around you!
The boomerang closely misses the orc.
The weapon returns to the orc!
Found a bolt.
You block the orc's attack.
The orc warlord shoots a bolt.
The bolt hits you!!
You die...

.................
.................
.................
.................
.................
#................
#.........<.....
#...o@.<.......
................#
.................
..o..............
.(.(.............
.................
.#..........$....
.#..............


You could see an orc warlord and an orc.

Vanquished Creatures
  Erolcha (D:9)
  Harold (D:7)
  Erica (D:9)
  An orc knight (Orc:1)
  A cyclops (Orc:1)
  Psyche (D:9)
  2 trolls (Orc:1)
  A spriggan (D:8)
  A vampire (D:9)
  Edmund (D:6)
  2 water moccasins
  A warg (Orc:1)
  6 orc warriors
  A sky beast (D:6)
  2 black bears (D:8)
  3 ice beasts
  A phantom (D:8)
  2 centaurs (D:8)
  9 ogres
  A big kobold (D:7)
  3 bullfrogs
  2 gnoll sergeants
  3 scorpions
  6 killer bees (D:8)
  A howler monkey (D:5)
  2 crimson imps
  A centaur zombie (D:6)
  8 hounds
  A quasit (D:2)
  2 bullfrog zombies
  5 orc priests
  Crazy Yiuf (D:4)
  2 bullfrog skeletons
  3 jellies
  15 orc wizards
  Ijyb (D:5)
  5 worker ants
  A hound zombie (D:5)
  A worker ant zombie (D:5)
  14 gnolls
  9 adders
  A shadow imp (D:9)
  2 oozes (D:2)
  An adder zombie (D:5)
  An adder skeleton (D:5)
  3 worms
  A dart slug (D:1)
  6 leopard geckos
  39 orcs
  9 giant cockroaches
  9 goblins
  8 hobgoblins
  2 iguanas
  10 jackals
  10 kobolds
  7 quokkas
  3 ball pythons
  7 bats
  6 frilled lizards
  A giant cockroach zombie (D:6)
  2 leopard gecko skeletons
  A quokka zombie (D:5)
  7 rats
261 creatures vanquished.

Notes
Turn   | Place    | Note
-------+----------+-------------------------------------------
     0 | D:1      | Colgate the Gargoyle Fighter began the quest for the Orb.
     0 | D:1      | Reached XP level 1. HP: 14/14 MP: 1/1
   196 | D:1      | Reached XP level 2. HP: 12/19 MP: 2/2
   610 | D:1      | Reached XP level 3. HP: 23/23 MP: 3/3
   990 | D:2      | Reached skill level 1 in Throwing
  1057 | D:2      | Found a faded altar of an unknown god.
  1067 | D:2      | Became a worshipper of Warmaster Okawaru
  1067 | D:2      | Reached * piety under Okawaru
  1364 | D:2      | Reached skill level 4 in Shields
  1364 | D:2      | Reached XP level 4. HP: 13/28 MP: 4/4
  1629 | D:2      | Reached skill level 1 in Dodging
  1721 | D:2      | Found a shimmering altar of Xom.
  2188 | D:2      | Noticed a bullfrog
  2195 | D:2      | Killed a bullfrog
  2195 | D:2      | Reached ** piety under Okawaru
  2195 | D:2      | Reached XP level 5. HP: 20/33 MP: 5/5
  2657 | D:3      | Noticed an ice beast
  2666 | D:3      | Reached XP level 6. HP: 37/38 MP: 3/6
  2686 | D:3      | Killed an ice beast
  3607 | D:3      | Found a sacrificial altar of Ru.
  3607 | D:3      | Found a shadowy altar of Dithmenos.
  3609 | D:3      | Found a glowing golden altar of the Shining One.
  3610 | D:3      | Found a sparkling altar of Nemelex Xobeh.
  3610 | D:3      | Found a shattered altar of Ashenzari.
  3610 | D:3      | Found an opulent altar of Gozag.
  3613 | D:3      | Found a bloodstained altar of Trog.
  4148 | D:4      | Reached skill level 5 in Shields
  4151 | D:4      | Reached XP level 7. HP: 36/44 MP: 3/7
  4359 | D:4      | Found a runed translucent door.
  4360 | D:4      | Noticed Crazy Yiuf
  4370 | D:4      | Killed Crazy Yiuf
  5251 | D:5      | Entered Level 5 of the Dungeon
  5512 | D:5      | Noticed Ijyb
  5520 | D:5      | Killed Ijyb
  5728 | D:5      | Reached *** piety under Okawaru
  5728 | D:5      | Reached skill level 5 in Maces & Flails
  5728 | D:5      | Reached skill level 6 in Shields
  5752 | D:5      | Found an ornate altar of the Wu Jian Council.
  5929 | D:5      | Reached XP level 8. HP: 48/48 MP: 8/8
  6052 | D:5      | Found Urhil's Weapon Shop.
  6892 | D:6      | Reached **** piety under Okawaru
  7020 | D:6      | Reached skill level 5 in Fighting
  7188 | D:6      | Noticed Edmund
  7201 | D:6      | Killed Edmund
  7291 | D:6      | Reached XP level 9. HP: 54/54 MP: 9/9
  7507 | D:7      | Found Wugash's Armour Boutique.
  7564 | D:7      | Received a gift from Okawaru
  7666 | D:7      | Reached skill level 1 in Slings
  7916 | D:7      | Noticed Harold
  7947 | D:7      | Killed Harold
  7947 | D:7      | Reached skill level 5 in Armour
  7947 | D:7      | Reached skill level 1 in Stealth
  7947 | D:7      | Reached skill level 7 in Shields
  7974 | D:7      | Found a staircase to the Ecumenical Temple.
  8569 | D:7      | Received a gift from Okawaru
  8645 | D:8      | Reached ***** piety under Okawaru
  8676 | D:8      | Reached skill level 8 in Shields
  8727 | D:8      | Reached XP level 10. HP: 18/59 MP: 10/10
  9874 | D:5      | Bought a +4 fustibalus of flaming for 490 gold pieces
 10303 | D:9      | Noticed Erolcha
 10328 | D:9      | Killed Erolcha
 10328 | D:9      | Reached skill level 9 in Shields
 10336 | D:9      | Gained mutation: Scrolls take you a little longer to read.
                  | [potion of mutation]
 10336 | D:9      | Gained mutation: Scrolls take you longer to read. [potion
                  | of mutation]
 10336 | D:9      | Gained mutation: You can translocate small distances at
                  | will. [potion of mutation]
 10336 | D:9      | Gained mutation: You possess an exceptional clarity of
                  | mind. [potion of mutation]
 10450 | D:9      | Received a gift from Okawaru
 10553 | D:9      | Found Saimiw's Lightly-Used Armoury.
 10569 | D:9      | Noticed Erica
 10589 | D:9      | Killed Erica
 10879 | D:9      | Noticed Psyche
 10891 | D:9      | Killed Psyche
 10922 | D:9      | Reached skill level 5 in Slings
 10935 | D:9      | Reached XP level 11. HP: 27/66 MP: 11/11
 10937 | D:9      | Reached skill level 1 in Invocations
 11156 | D:9      | Found a staircase to the Orcish Mines.
 11379 | D:9      | Found a radiant altar of Vehumet.
 11609 | Orc:1    | Entered Level 1 of the Orcish Mines
 11611 | Orc:1    | Noticed a cyclops
 11614 | Orc:1    | Killed a cyclops
 11689 | Orc:2    | Entered Level 2 of the Orcish Mines
 11689 | Orc:2    | Noticed an orc warlord
 11690 | Orc:2    | Noticed an orc knight
 11852 | Orc:1    | Killed an orc knight
 12039 | Orc:1    | Reached skill level 10 in Shields
 12159 | Orc:2    | Shot with a bolt by an orc warlord

Illustrated notes

Levels and vault maps discovered:
D:1:      matt_arrival_grand_opening, layout_loops_ring, minmay_domino_4
D:2:      layout_loops_corners, chequers_ecumenical_altar_simple_redux,
          chequers_serial_rivers_large_a, dk_xom_monty_hall
D:3:      layout_loops_ring, grunt_temple_overflow_octagram
D:4:      layout_basic, first_ration, uniq_crazy_yiuf_cottage
D:5:      layout_basic, kennysheep_little_box, serial_shops, shop, uniq_ijyb
D:6:      layout_basic, uniq_edmund
D:7:      layout_basic, minmay_temple_entry_grid, serial_shops, shop,
          nrook_uturn, uniq_harold
D:8:      layout_basic, grunt_pizzeria
D:9:      layout_gridville, kennysheep_mini_moat, david_orc_4,
          minmay_shop_damaged, uniq_erica, uniq_erolcha, uniq_psyche
Orc:1:    layout_caves
Orc:2:    pf_orc_diabolical, layout_caves, ebering_ghost_gozag, elf_legates,
          uniq_saint_roka

Skill      XL: |  1  2  3  4  5  6  7  8  9 10 11 |
---------------+----------------------------------+-----
Throwing       | 1 2 3 4 |  4.3
Shields        | 4 5 6 8 9 10 | 10.1
Dodging        | 1 2 3 4 |  4.0
Armour         | 4 5 |  5.4
Maces & Flails | 3 4 5 6 7 8 9 |  9.4
Fighting       | 4 5 6 |  6.7
Slings         | 2 5 |  5.6
Stealth        | 2 3 |  3.7
Invocations    | 1 |  1.5
Evocations     | |  0.5

Action                   |  1- 3 |  4- 6 |  7- 9 | 10-12 || total
-------------------------+-------+-------+-------+-------++-------
Melee: Flail             |   115 |   199 |   214 |   184 ||   712
       Whip              |       |       |    89 |     3 ||    92
 Fire: Hunting sling     |       |       |    38 |    63 ||   101
       Fustibalus        |       |       |       |    63 ||    63
Throw: Stone             |    65 |   141 |   122 |     7 ||   335
       Javelin           |       |       |     4 |     7 ||    11
       Dart              |       |       |     4 |     2 ||     6
       Throwing net      |       |       |       |     2 ||     2
Invok: Heroism           |       |     3 |     1 |     4 ||     8
       Finesse           |       |       |       |     2 ||     2
 Abil: Blink             |       |       |       |     1 ||     1
Evoke: Wand              |       |     1 |     1 |     7 ||     9
  Use: Scroll            |       |       |     7 |    16 ||    23
       Potion            |       |       |       |     8 ||     8
 Stab: Held in net/web   |       |       |     2 |       ||     2
  Eat: Chunk             |     1 |    10 |    14 |     8 ||    33
       Ration            |       |       |       |     1 ||     1
Armor: Ring mail         |    78 |    70 |    37 |       ||   185
       Leather armour    |       |       |   100 |     7 ||   107
       Chain mail        |       |       |       |    53 ||    53
       Robe              |       |       |       |     2 ||     2
       Skin              |       |       |       |     1 ||     1
Dodge: Dodged            |    62 |    49 |   108 |    38 ||   257
Block: Kite shield       |    73 |   144 |   106 |       ||   323
       Reflection        |       |    19 |    16 |     9 ||    44
       Tower shield      |       |       |   232 |   268 ||   500
